 Dungeon Crawl Stone Soup version 0.29-a0-982-gaed3a0c8d8 (webtiles) character file.

Game seed: 1576377259554953083

1378 IdlyInterested the Chopper (level 8, 0/58 HPs)
             Began as a Demonspawn Fighter on July 29, 2022.
             Slain by Duvessa
             ... wielding a +0 short sword
              (8 damage)
             ... on level 7 of the Dungeon on Aug 1, 2022.
             The game lasted 00:16:49 (6540 turns).

IdlyInterested the Chopper (Demonspawn Fighter)     Turns: 6540, Time: 00:16:50

Health: 0/58       AC: 17    Str: 17    XL:     8   Next: 39%
Magic:  8/8        EV: 10    Int:  9    God:
Gold:   375        SH: 14    Dex: 13    Spells: 7/7 levels left

rFire   + . .      SeeInvis .   a - +1 war axe
rCold   . . .      Faith    .   c - +0 buckler
rNeg    + + .      Spirit   .   b - +0 scale mail
rPois   +          Reflect  +   (helmet restricted)
rElec   .          Harm     .   x - +1 cloak {rPois}
rCorr   .          Rampage  .   u - +0 pair of gloves
Will    .....                   g - +0 pair of boots
Stlth   ..........              w - amulet of reflection
HPRegen 0.19/turn               i - ring of positive energy
MPRegen 0.11/turn               n - ring of positive energy

@: no status effects
A: antennae 1, thin metallic scales 1, icemail 1, spiny 1, condensation shield,
clumsy 1, fire resistance 1
a: no special abilities


You were on level 7 of the Dungeon.
You visited 2 branches of the dungeon, and saw 8 of its levels.

You collected 375 gold pieces.

Inventory:

Hand Weapons
 a - a +1 war axe (weapon)
 h - a +0 hand axe
 s - a +0 hand axe
 y - a +0 hand axe
 z - a +0 whip of electrocution
Missiles
 l - 3 throwing nets
 m - 11 poisoned darts
 C - a boomerang (quivered)
Armour
 b - a +0 scale mail (worn)
 c - a +0 buckler (worn)
 g - a +0 pair of boots (worn)
 t - the +0 leather armour of Too Many Cooks {Will+ Stlth+}
   (You found it on level 4 of the Dungeon)

   Will:      It increases your willpower.
   Stlth:     It makes you more stealthy.
 u - a +0 pair of gloves (worn)
 x - a +1 cloak of poison resistance (worn)
Jewellery
 i - a ring of positive energy (left hand)
 n - a ring of positive energy (right hand)
 w - an amulet of reflection (around neck)
Wands
 q - a wand of charming (6)
 v - a wand of flame (7)
 A - a wand of polymorph (14)
 B - a wand of iceblast (8)
Scrolls
 f - 2 scrolls of blinking
 o - 2 scrolls of fog
 p - a scroll of teleportation
 E - 3 scrolls of identify
Potions
 d - a potion of might
 e - 5 potions of curing
 j - 2 potions of flight
 k - 2 potions of haste
 r - a potion of mutation


   Skills:
 - Level 3.0 Fighting
 * Level 6.7 Axes
 - Level 3.0 Armour
 - Level 3.0 Dodging
 * Level 5.7 Shields
 + Level 2.9 Evocations


You had 7 spell levels left.
You didn't know any spells.
Your spell library contained the following spells:

 Spells                   Type           Power      Damage    Failure   Level
 Slow                     Hex            0%         N/A       86%         1
 Confusing Touch          Hex            0%         N/A       99%         3
 Vampiric Draining        Necr           0%         2d6       99%         3
 Summon Lightning Spire   Summ/Air       0%         N/A       100%        4
 Storm Form               Tmut/Air       0%         N/A       100%        7
 Maxwell's Capacitive Co  Air            0%         ∞         100%        8


Dungeon Overview and Level Annotations

Branches:
Dungeon (7/15)             Temple (1/1) D:4

Altars:
Ashenzari
Dithmenos
Hepliaklqana
Kikubaaqudgha
Makhleb
Okawaru
Qazlal
Sif Muna
Uskayaw
Wu Jian
Xom
Yredelemnul

Shops:
D:4 =

Annotations:
D:7 Duvessa


Innate Abilities, Weirdness & Mutations

You have a pair of small antennae on your head.
You are partially covered in thin metallic scales. (AC +2)
A meltable icy envelope protects you from harm. (AC +4)
You are partially covered in sharp spines.
A meltable shield of frost defends you. (SH +4)
You are clumsy. (Dex -2)
Your flesh is heat resistant. (rF+)


Message History

You closely miss Dowan. You block Duvessa's attack.
Dowan hits you but does no damage.
You hit Duvessa.
Duvessa is moderately wounded.
You hit Dowan.
You kill Dowan!
Duvessa weeps, and shakes her weapon.
Duvessa goes berserk!
Duvessa hits you but does no damage. Duvessa hits you with a +0 short sword.
You closely miss Duvessa.
Duvessa is moderately wounded.
Duvessa is struck by your spines. Duvessa hits you with a +0 short sword.
You block Duvessa's attack.
You hit Duvessa.
Duvessa is moderately wounded.
You block Duvessa's attack. x2
You hit Duvessa.
Duvessa is heavily wounded.
You block Duvessa's attack. x2
You hit Duvessa but do no damage.
Duvessa is heavily wounded.
You block Duvessa's attack.
You slash Duvessa!
Duvessa is severely wounded.
You block Duvessa's attack. Duvessa is struck by your spines.
Duvessa hits you with a +0 short sword!
You slash Duvessa!
Duvessa is almost dead.
Duvessa hits you with a +0 short sword!
* * * LOW HITPOINT WARNING * * *
You block Duvessa's attack.
You hit Duvessa.
Duvessa is almost dead.
You block Duvessa's attack. x2
You barely miss Duvessa.
Duvessa is almost dead.
Duvessa is struck by your spines. Duvessa hits you with a +0 short sword!
* * * LOW HITPOINT WARNING * * *
Duvessa hits you with a +0 short sword!
You die...

#.....#.....# ...
.#####........
#...............). ##
####.##..............
.
..##..###########...#
#. #.##... ....>#
#.####.##..# ###....
...##.##e.# #.#.#
#.##.##@.###.# #.#.#
#......).....# #.#..
#.###.##.##.###### .#
# #.....##.##.#
###.####.##.# #.
#.##.# .. ..##.# ##.
####.# #. .#


You could see Duvessa (berserk).

Vanquished Creatures
  A troll (D:6)
  An ogre (D:6)
  A phantom (D:6)
  A kobold brigand (D:6)
  A bullfrog (D:7)
  2 necrophages
  2 scorpions
  Dowan (D:7)
  3 jellies
  2 hounds
  2 orc priests
  Crazy Yiuf (D:4)
  3 iguanas
  3 adders
  3 gnolls (D:2)
  A white imp (D:5)
  An ufetubus (D:5)
  A worm (D:2)
  4 dart slugs
  10 orcs
  4 bats
  5 endoplasms
  3 giant cockroaches
  6 goblins
  8 hobgoblins
  3 quokkas
  5 ball pythons
  2 frilled lizards
  11 kobolds
  3 rats
94 creatures vanquished.

Vanquished Creatures (collateral kills)
  Edmund (D:5)
1 creature vanquished.

Grand Total: 95 creatures vanquished

Notes
Turn   | Place    | Note
-------+----------+-------------------------------------------
     0 | D:1      | IdlyInterested the Demonspawn Fighter began the quest for
                  | the Orb.
     0 | D:1      | Reached XP level 1. HP: 18/18 MP: 1/1
    16 | D:1      | Reached skill level 2 in Axes
   119 | D:1      | Gained mutation: A meltable shield of frost defends you.
                  | (SH +4) [demonic ancestry]
   119 | D:1      | Reached XP level 2. HP: 24/24 MP: 2/2
   635 | D:1      | Found a faded altar of an unknown god.
   830 | D:2      | Reached skill level 3 in Axes
   830 | D:2      | Gained mutation: You are partially covered in thin metallic
                  | scales. (AC +2) [demonic ancestry]
   830 | D:2      | Reached XP level 3. HP: 21/29 MP: 3/3
   869 | D:2      | Reached skill level 1 in Dodging
  1226 | D:2      | Gained mutation: A meltable icy envelope protects you from
                  | harm. (AC +4) [demonic ancestry]
  1226 | D:2      | Reached XP level 4. HP: 35/35 MP: 4/4
  1858 | D:2      | Upgraded the game from 0.29-a0-925-g0a7a3d12f8 to
                  | 0.29-a0-982-gaed3a0c8d8
  2873 | D:4      | Reached skill level 4 in Axes
  2882 | D:4      | Found a staircase to the Ecumenical Temple.
  2987 | D:4      | Noticed a necrophage
  3003 | D:4      | Gained mutation: You have a pair of small antennae on your
                  | head. [demonic ancestry]
  3003 | D:4      | Reached XP level 5. HP: 39/41 MP: 5/5
  3094 | D:4      | Identified the +0 leather armour of Too Many Cooks {Will+
                  | Stlth+}
  3283 | D:4      | Found Ycsocov's Jewellery Shoppe.
  3328 | D:4      | Found a runed translucent door.
  3329 | D:4      | Noticed Crazy Yiuf
  3475 | D:4      | Killed Crazy Yiuf
  3582 | D:5      | Entered Level 5 of the Dungeon
  3639 | D:5      | Gained mutation: You are partially covered in sharp spines.
                  | [demonic ancestry]
  3639 | D:5      | Reached XP level 6. HP: 47/47 MP: 6/6
  3661 | Temple   | Entered the Ecumenical Temple
  3763 | D:5      | Noticed Edmund
  3780 | D:5      | HP: 1/47 [Edmund/+2 dire flail of holy wrath (10)]
  3781 | D:5      | Killed Edmund
  3782 | D:5      | Reached skill level 5 in Axes
  4081 | D:5      | Reached XP level 7. HP: 45/52 MP: 7/7
  4663 | D:5      | Gained mutation: You are clumsy. (Dex -2) [potion of
                  | mutation]
  4663 | D:5      | Gained mutation: Your flesh is heat resistant. (rF+)
                  | [potion of mutation]
  4723 | D:6      | Noticed a troll
  4736 | D:6      | Killed a troll
  4737 | D:6      | Reached skill level 6 in Axes
  4737 | D:6      | Reached skill level 1 in Evocations
  5035 | D:6      | Reached skill level 5 in Shields
  5035 | D:6      | Reached XP level 8. HP: 58/58 MP: 8/8
  6518 | D:7      | Noticed Duvessa
  6518 | D:7      | Noticed Dowan
  6532 | D:7      | Killed Dowan
  6540 | D:7      | Slain by Duvessa

Illustrated notes

Levels and vault maps discovered:
D:1:      psy_arrival_spokes, layout_rooms, shapermc_ecumenical_altar_pompeii
D:2:      layout_loops_ring
D:3:      layout_basic, grunt_ministairs_13
D:4:      layout_rooms, minmay_temple_entry_crystal_x, serial_shops,
          nicolae_lakefront_shop, minmay_between, uniq_crazy_yiuf_cottage
D:5:      layout_loops_cross, uniq_edmund
D:6:      layout_layer_cave, minmay_tree_intersection
D:7:      layout_basic, minivault_22, roderic_nine_men_s_morris, uniq_duvessa
Temple:   dshaligram_water_room_temple

Skill      XL: |  1  2  3  4  5  6  7 |
---------------+----------------------+-----
Axes           | 2 3 4 5 6 |  6.7
Armour         | 3 |  3.0
Dodging        | 1 2 3 |  3.0
Shields        | 3 5 |  5.7
Evocations     | 2 |  2.9
Fighting       | |  3.0

Action                   |  1- 3 |  4- 6 |  7- 9 || total
-------------------------+-------+-------+-------++-------
Melee: War axe           |    81 |   135 |    84 ||   300
Throw: Boomerang         |       |       |     8 ||     8
Evoke: Wand              |       |     3 |       ||     3
  Use: Scroll            |     3 |    10 |     5 ||    18
       Potion            |       |     1 |     2 ||     3
Armor: Scale mail        |    37 |    62 |    32 ||   131
Dodge: Dodged            |    37 |    58 |    27 ||   122
Block: Buckler           |    30 |    78 |    62 ||   170

Table legend: (Time is in decaauts)
 A = Elapsed time spent in this place.
 B = Non-inter-level travel time spent in this place.
 C = Inter-level travel time spent in this place.
 D = Time resting spent in this place.
 E = Time spent auto-exploring this place.
 F = Levels seen in this place.
 G = Mean time per level.
                   A        B        C        D        E       F      G
               +--------+--------+--------+--------+--------+-----+--------+
         Total |   6642 |   5844 |    798 |    857 |   3727 |   8 |  830.2 |
       Dungeon |   6552 |   5754 |    798 |    857 |   3667 |   7 |  936.0 |
        Temple |     90 |     90 |      0 |      0 |     60 |   1 |   90.0 |
               +--------+--------+--------+--------+--------+-----+--------+

Top non-repeatable levels by time:
     D:6: 1607 daAuts
     D:5: 1156 daAuts
     D:2: 1111 daAuts
     D:3: 1108 daAuts
     D:1: 761 daAuts
     D:4: 745 daAuts
  Temple: 90 daAuts
     D:7: 62 daAuts
